 Dungeon Crawl Stone Soup version 0.25-a0-869-g05d4e06a41 (webtiles) character file.

Game seed: 9293120985639007400, levelgen mode: deterministic

548 Maedhros the Poker (level 7, -1/46 HPs)
             Began as an Octopode Chaos Knight on Apr 30, 2020.
             Was a Plaything of Xom.
             Slain by an iguana (11 damage)
             ... on level 4 of the Dungeon.
             The game lasted 00:04:23 (2073 turns).

Maedhros the Poker (Octopode Chaos Knight)          Turns: 2073, Time: 00:04:24

Health: -1/46      AC:  1    Str: 11    XL:     7   Next: 28%
Magic:  9/9        EV: 13    Int: 13    God:    Xom [..*...]
Gold:   116        SH:  5    Dex: 13    Spells: 6/6 levels left

rFire    . . .     SeeInvis .   a - +0 spear (chaos)
rCold    . . .     Gourm    .   d - +0 buckler
rNeg     . . .     Faith    .   (helmet restricted)
rPois    .         Spirit   .   (no amulet)
rElec    .         Reflect  .   (no ring)
rCorr    .         Harm     .   (no ring)
MR       .....     Rnd*Rage +   (no ring)
Stlth    ++........             (no ring)
HPRegen  0.15/turn              (no ring)
MPRegen  0.11/turn              (no ring)
                                (no ring)
                                (no ring)

@: no status effects
A: almost no armour, stealthy swim, amphibious, 8 rings, constrict 8, camouflage
1, berserk 1, dopey 1, gelatinous body 1, MP-powered wands
a: Renounce Religion


You were on level 4 of the Dungeon.
You worshipped Xom.
You were a toy of Xom.
You were hungry.

You visited 1 branch of the dungeon, and saw 5 of its levels.

You collected 116 gold pieces.

Inventory:

Hand Weapons
 a - a +0 spear of chaos (weapon)
 n - a cursed -1 arbalest
Missiles
 e - 25 poisoned darts (quivered)
 q - 5 boomerangs
Armour
 d - a +0 buckler (worn)
Wands
 o - a wand of scattershot (9)
Scrolls
 c - 3 scrolls of fog
 f - a scroll of random uselessness {unknown}
 g - 2 scrolls of identify
 j - a scroll of enchant armour {unknown}
 k - a scroll of noise {unknown}
 m - a scroll of blinking
 p - a scroll of amnesia {unknown}
 t - a scroll of fear {unknown}
Potions
 h - 3 potions of degeneration
 i - a potion of ambrosia
 l - a potion of might {unknown}
 r - 2 potions of curing {unknown}
Comestibles
 b - 6 rations


   Skills:
 - Level 3.0 Fighting
 * Level 6.4 Polearms
 - Level 2.3 Dodging
 + Level 3.4 Shields
 + Level 3.1 Evocations


You had 6 spell levels left.
You didn't know any spells.
Your spell library was empty.

Dungeon Overview and Level Annotations

Branches:
Dungeon (5/15)
 Temple: D:4-7

Altars:


Innate Abilities, Weirdness & Mutations

You cannot wear most types of armour.
You are very stealthy in the water. (Stealth+)
You are amphibious.
You can wear up to eight rings at the same time.
You can use your tentacles to constrict eight enemies at once.
Your skin changes colour to match your surroundings (Stealth+).
Your rubbery body absorbs attacks. (AC +1, EV +1)
You tend to lose your temper in combat.
You are dopey. (Int -2)
You expend magic power (3 MP) to strengthen your wands.


Message History

Magic restored.
An iguana comes into view.
An iguana is nearby!
An iguana is nearby!
The iguana hisses angrily.
You hit the iguana. You burn the iguana. Your grab misses the iguana.
The iguana is moderately wounded.
The iguana bites you!
You are too injured to fight recklessly!
You closely miss the iguana. Your grab misses the iguana.
Your squeeze misses the iguana.
The iguana is moderately wounded.
The iguana bites you!
* * * LOW HITPOINT WARNING * * *
You are too injured to fight recklessly!
You barely miss the iguana. You grab the iguana.
Your squeeze misses the iguana.
The iguana is moderately wounded.
You constrict the iguana. The iguana bites you!
You die...

#.# .......
#.# ###
.......
#.######.#
#......
#........#
#......
########.#
. #......
#.# ...
#######
##.##....
##.........
#.@...##.##
#.l...#
#.........
######
#.#.......
......
#.#...####
########
#.#....
.......< #.
##.##
######.. #.
.. #.. #..


You could see an iguana.

Vanquished Creatures
  3 ogres (D:4)
  A howler monkey (D:4)
  A hound (D:4)
  An orc priest (D:3)
  An orc wizard (D:3)
  An iguana (D:4)
  6 adders
  A howler monkey skeleton (D:4)
  An ooze (D:3)
  An adder skeleton (D:4)
  3 dart slugs
  10 orcs
  3 bats
  2 giant cockroaches
  6 goblins
  4 hobgoblins
  13 jackals
  4 kobolds
  A quokka (D:3)
  2 ball pythons
  A quokka skeleton (D:4)
  4 rats
70 creatures vanquished.

Notes
Turn   | Place    | Note
-------+----------+-------------------------------------------
     0 | D:1      | Maedhros the Octopode Chaos Knight began the quest for the
                  | Orb.
     0 | D:1      | Reached XP level 1. HP: 16/16 MP: 1/1
   113 | D:1      | Reached XP level 2. HP: 12/21 MP: 2/2
   229 | D:1      | XOM: divination: detect items
   289 | D:1      | XOM: cast spell 'Summon Small Mammal'
   504 | D:2      | Reached XP level 3. HP: 23/26 MP: 3/3
   508 | D:2      | Reached skill level 4 in Polearms
   508 | D:2      | Reached skill level 1 in Shields
   513 | D:2      | XOM: noise
   718 | D:3      | Reached XP level 4. HP: 20/31 MP: 4/4
  1045 | D:3      | XOM: cloud trail
  1117 | D:3      | XOM: divination: detect creatures
  1135 | D:3      | Reached skill level 1 in Evocations
  1135 | D:3      | Reached XP level 5. HP: 12/36 MP: 5/5
  1147 | D:3      | XOM: silly message
  1284 | D:4      | Reached skill level 5 in Polearms
  1289 | D:4      | XOM: silly message
  1324 | D:4      | XOM: potion effect (brilliance)
  1414 | D:4      | XOM: divination: magic mapping
  1489 | D:5      | Entered Level 5 of the Dungeon
  1665 | D:4      | Reached XP level 6. HP: 37/42 MP: 7/7
  1673 | D:4      | XOM: cloud trail
  1832 | D:4      | Gained mutation: You tend to lose your temper in combat.
                  | [potion of mutation]
  1832 | D:4      | Gained mutation: You are dopey. (Int -2) [potion of
                  | mutation]
  1832 | D:4      | Gained mutation: You expend magic power (3 MP) to
                  | strengthen your wands. [potion of mutation]
  1832 | D:4      | XOM: cast spell 'Summon Butterflies'
  1909 | D:4      | Reached skill level 6 in Polearms
  1955 | D:4      | Reached XP level 7. HP: 22/46 MP: 7/9
  2073 | D:4      | Slain by an iguana

Levels and vault maps discovered:
D:1:      grunt_arrival_lava_bath, layout_basic
D:2:      layout_loops_cross
D:3:      layout_basic
D:4:      minmay_bubble_buster, layout_basic, lemuel_doored_altar,
          nicolae_underground_beach
D:5:      layout_gridville, chequers_temple_overflow_statue_of_worship,
          kennysheep_mini, first_ration

Skill      XL: |  1  2  3  4  5  6  7 |
---------------+----------------------+-----
Polearms       | 4 5 6 |  6.4
Shields        | 1 2 3 |  3.4
Evocations     | 1 2 3 |  3.1
Fighting       | |  3.0
Dodging        | |  2.3

Action                   |  1- 3 |  4- 6 |  7- 9 || total
-------------------------+-------+-------+-------++-------
Melee: Spear             |    71 |   124 |     5 ||   200
       Constrict         |    19 |    20 |     2 ||    41
       Tentacles         |    15 |    19 |       ||    34
Evoke: Wand              |       |       |     1 ||     1
  Use: Potion            |       |     4 |       ||     4
       Scroll            |       |     3 |       ||     3
 Stab: Sleeping          |     4 |     2 |       ||     6
       Invisible         |       |     4 |       ||     4
  Eat: Chunk             |       |     3 |       ||     3
Armor: Skin              |     6 |     1 |       ||     7
Dodge: Dodged            |    36 |    39 |       ||    75
Block: Buckler           |     6 |    11 |       ||    17

Table legend:
 A = Non-vault XP
 B = Vault XP
 C = Vault XP percentage of total XP
 D = Non-vault monster count
 E = Vault monster count
 F = Vault count percentage of total count
                 A         B        C        D         E       F
            +---------+---------+-------+---------+---------+-------
      Total |     358 |     425 |  54.3 |      61 |       9 |  12.9
            +---------+---------+-------+---------+---------+-------
        D:1 |      28 |       0 |   0.0 |      14 |       0 |   0.0
        D:2 |      30 |       0 |   0.0 |      10 |       0 |   0.0
        D:3 |     132 |       0 |   0.0 |      18 |       0 |   0.0
        D:4 |     154 |     425 |  73.4 |      18 |       9 |  33.3
        D:5 |      14 |       0 |   0.0 |       1 |       0 |   0.0
            +---------+---------+-------+---------+---------+-------
